 Dungeon Crawl Stone Soup version 0.31-a0-167-g1c394c0614 (webtiles) character file.

Game seed: 17398049414791150961

212 qw the Chopper (level 5, -4/33 HPs)
             Began as a Gargoyle Fighter on June 14, 2023.
             Slain by a bullfrog (6 damage)
             ... in a sewer.
             The game lasted 00:01:30 (2179 turns).

qw the Chopper (Gargoyle Fighter)                   Turns: 2179, Time: 00:01:31

Health: -4/33      AC: 10    Str: 22    XL:     5   Next: 89%
Magic:  5/5        EV:  6    Int:  8    God:
Gold:   186        SH:  4    Dex:  9    Spells: 4/4 levels left

rFire   . . .        Y - +0 war axe
rCold   . . .        c - +0 buckler
rNeg    + + .        b - +0 scale mail
rPois   inf          (no helmet)
rElec   +            (no cloak)
rCorr   .            (no gloves)
SInv    .            (no boots)
Will    .....        (no amulet) Stlth
                     f - ring of positive energy
HPRegen 0.25/turn    (no ring)
MPRegen 0.09/turn

%: no passive effects
@: constricted, very slow
A: sickness immunity, AC +4, negative energy resistance 1, electricity
resistance, torment resistance 1, petrification resistance
a: no special abilities


You were in a sewer.
You visited 1 branch of the dungeon, and saw 3 of its levels.
You also visited: Sewer.

You collected 186 gold pieces.


Innate Abilities, Weirdness & Mutations

You are immune to sickness and miasma.
Your stone body is resilient. (AC +4)
You are immune to poison.
You resist negative energy. (rN+)
You are resistant to electric shocks. (rElec)
You are resistant to unholy torment.
You are immune to petrification.


   Skills:
 - Level 4.0 Fighting
 - Level 5.0 Axes
 - Level 3.2 Armour
 + Level 0.0 Dodging
 - Level 3.2 Shields


You had 4 spell levels left.
You didn't know any spells.
Your spell library was empty.

Inventory:

Hand Weapons
 m - a +0 flail
 Y - a +0 war axe (weapon)
Armour
 b - a +0 scale mail (worn)
 c - a +0 buckler (worn)
Jewellery
 f - a ring of positive energy (left hand)
 i - a ring of ice
Scrolls
 a - a scroll of fog {unknown}
 j - 2 scrolls of identify
Potions
 d - a potion of might
 e - a potion of experience {unknown}
 g - 2 potions of brilliance {unknown}
 h - a potion of enlightenment {unknown}
 k - a potion of heal wounds {unknown}
 l - a potion of cancellation {unknown}
 n - 2 potions of resistance {unknown}

Dungeon Overview and Level Annotations

Branches:
Dungeon (3/15)              Sewer (1/1)

Altars:
Gozag

Annotations:
D:3 1 runed translucent door, qw's ghost, amateur GrHu


Message History

You closely miss the ball python. You closely miss the bullfrog.
You slash the bullfrog! You block the bullfrog's attack. The bullfrog hits you.
The ball python bites you. The ball python constricts you.
The ball python bites you but does no damage. x2
The adder bites you. The adder closely misses you. The bullfrog hits you.
The bullfrog completely misses you. You block the ball python's attack.
The ball python bites you but does no damage.
The ball python constricts you. The ball python bites you.
You block the adder's attack.
You closely miss the ball python. You slash the adder!
You closely miss the adder. You closely miss the ball python. x2
You slash the bullfrog! You barely miss the bullfrog. The bullfrog hits you.
You block the bullfrog's attack. The adder bites you but does no damage.
You block the ball python's attack. The ball python constricts you.
The ball python bites you but does no damage.
The bullfrog hits you but does no damage.
The ball python closely misses you.
The bullfrog hits you but does no damage.
You block the adder's attack. The adder bites you but does no damage.
The ball python bites you. The ball python constricts you.
You block the ball python's attack.
Your unstable footing causes you to fumble your attack.
The bullfrog hits you but does no damage.
The bullfrog hits you.
The adder bites you but does no damage. x2
The ball python bites you but does no damage.
The bullfrog hits you but does no damage.
The ball python barely misses you. The ball python constricts you.
The bullfrog hits you but does no damage.
The ball python bites you but does no damage.
The adder barely misses you. The adder bites you but does no damage.
The ball python bites you but does no damage.
You hit the ball python.
The ball python is severely wounded.
You closely miss the adder. You closely miss the ball python.
You barely miss the ball python. You slash the bullfrog! x2
You barely miss the adder. The bullfrog hits you.
You die...

%##### ..'..# ..#..#
.%####
...################## #+
.....~~~~~~~~~~~~~~~#...
.....~~~~~~~~~~~~~~~....
....~~~~~~~~~~~SSF~~~...
....~~~~~~~~~~#~@Sl~~...
#...~~~~~~#~..~SFS~~....
###..~~~~~~~~~~~~~~~....
######################


You could see 2 bullfrogs, 2 adders, 3 ball pythons and a frilled lizard.

Vanquished Creatures
  An orc priest (D:3)
  5 river rats (Sewer)
  5 adders (Sewer)
  A dart slug (D:2)
  6 orcs (D:3)
  10 ball pythons
  2 bats
  6 endoplasms
  3 giant cockroaches
  6 goblins
  4 hobgoblins
  3 jackals (D:1)
  5 kobolds
  4 quokkas
  3 frilled lizards
  29 rats
93 creatures vanquished.

Notes
Turn   | Place    | Note
-------+----------+-------------------------------------------
     0 | D:1      | qw the Gargoyle Fighter began the quest for the Orb.
     0 | D:1      | Reached XP level 1. HP: 14/14 MP: 1/1
     0 | D:1      | 0 ||| qw: Version: 0.2-a-29-g1fa15c8
     0 | D:1      | 0 ||| qw: Game counter: 5119
     0 | D:1      | 0 ||| qw: Always use a shield: true
     0 | D:1      | 0 ||| qw: God list: Okawaru
     0 | D:1      | 0 ||| qw: Allow faded altars: false
     0 | D:1      | 0 ||| qw: Do Orc after D:15 true
     0 | D:1      | 0 ||| qw: Do second Lair branch before Depths: true
     0 | D:1      | 0 ||| qw: Lair rune preference: random
     0 | D:1      | 0 ||| qw: Plans: Normal, Zot:1-4, Slime:5, God:TSO, Crypt,
                  | Tomb, Abyss, Pan, Hells, Win
     0 | D:1      | 0 ||| PLANNING D:1-11
    44 | D:1      | Reached skill level 2 in Axes
    67 | D:1      | Reached XP level 2. HP: 18/19 MP: 2/2
   262 | D:1      | 262 ||| Stepping ~*~*~tactically~*~*~ (hiding).
   402 | D:1      | Reached skill level 3 in Axes
   463 | D:1      | Reached XP level 3. HP: 21/23 MP: 3/3
   536 | D:1      | Found a faded altar of an unknown god.
   642 | D:1      | 642 ||| DROPPING +6 ring of intelligence.
   643 | D:1      | 643 ||| DROPPING ring of flight.
   644 | D:1      | 644 ||| READING scroll labelled FEZXON PACW.
   645 | D:1      | 645 ||| READING scroll labelled NYPTOR SAYP.
   791 | D:2      | Found an opulent altar of Gozag.
   824 | D:2      | 824 ||| DROPPING +0 whip.
  1103 | D:2      | 1103 ||| Stepping ~*~*~tactically~*~*~ (hiding).
  1104 | D:2      | 1104 ||| Stepping ~*~*~tactically~*~*~ (hiding).
  1156 | D:2      | 1156 ||| Stepping ~*~*~tactically~*~*~ (stealth).
  1350 | D:2      | 1350 ||| UPGRADING to ring of positive energy.
  1351 | D:2      | 1351 ||| READING scroll labelled KAMYCK NUIM.
  1380 | D:3      | 1380 ||| PLANNING SEWER
  1486 | D:3      | Noticed qw's ghost (amateur GrHu)
  1487 | D:3      | Found a runed translucent door.
  1645 | D:3      | 1645 ||| Stepping ~*~*~tactically~*~*~ (hiding).
  1653 | D:3      | Reached skill level 4 in Axes
  1653 | D:3      | Reached XP level 4. HP: 25/28 MP: 4/4
  1653 | D:3      | 1653 ||| FLEEEEING.
  1654 | D:3      | 1654 ||| FLEEEEING.
  1692 | D:3      | 1692 ||| DROPPING +0 mace.
  1694 | D:3      | Found a glowing drain.
  1695 | D:3      | 1695 ||| READING scroll labelled BIFIDEX ENWUD.
  1711 | Sewer    | Entered a sewer
  1771 | Sewer    | 1771 ||| Stepping ~*~*~tactically~*~*~ (water).
  1780 | Sewer    | Reached XP level 5. HP: 24/32 MP: 5/5
  1813 | Sewer    | 1813 ||| Stepping ~*~*~tactically~*~*~ (stealth).
  1950 | Sewer    | Reached skill level 5 in Axes
  2067 | Sewer    | 2067 ||| Stepping ~*~*~tactically~*~*~ (stealth).
  2068 | Sewer    | 2068 ||| Stepping ~*~*~tactically~*~*~ (stealth).
  2074 | Sewer    | 2074 ||| Stepping ~*~*~tactically~*~*~ (stealth).
  2112 | Sewer    | 2112 ||| Stepping ~*~*~tactically~*~*~ (stealth).
  2144 | Sewer    | 2144 ||| Stepping ~*~*~tactically~*~*~ (stealth).
  2145 | Sewer    | 2145 ||| Stepping ~*~*~tactically~*~*~ (stealth).
  2177 | Sewer    | HP: 6/33 [bullfrog (5)]
  2178 | Sewer    | HP: 2/33 [bullfrog (2)]
  2179 | Sewer    | Slain by a bullfrog

Levels and vault maps discovered:
D:1:      sevenhm_arrival_forest_fort_small_4, layout_rooms,
          dilly_ecumenical_altar_fadedgnrine, minmay_misc_feat_hallway
D:2:      layout_loops_cross, basic_altar
D:3:      layout_rooms, gammafunk_ghost_grave, serial_shops, shop,
          portal_sewer_entry_f, nicolae_eternal_life
Sewer:    sewer_minmay_w

Skill      XL: |  1  2  3  4  5 |
---------------+----------------+-----
Axes           | 2 3 4 5 |  5.0
Fighting       | 4 |  4.0
Armour         | |  3.2
Shields        | |  3.2

Action                     |  1- 3 |  4- 6 || total
---------------------------+-------+-------++-------
  Melee: War axe           |   106 |   121 ||   227
    Use: Scroll            |     3 |     1 ||     4
 Armour: Scale mail        |    41 |   104 ||   145
  Dodge: Dodged            |    42 |    51 ||    93
  Block: Buckler           |    14 |    35 ||    49

Table legend:
 A = Non-vault XP
 B = Vault XP
 C = Vault XP percentage of total XP
 D = Non-vault monster count
 E = Vault monster count
 F = Vault count percentage of total count
                 A         B        C        D         E       F
            +---------+---------+-------+---------+---------+-------
      Total |     123 |     180 |  59.4 |      44 |      49 |  52.7
            +---------+---------+-------+---------+---------+-------
        D:1 |      36 |       0 |   0.0 |      20 |       0 |   0.0
        D:2 |      20 |       0 |   0.0 |      11 |       0 |   0.0
        D:3 |      67 |       8 |  10.7 |      13 |       4 |  23.5
      Sewer |       0 |     172 | 100.0 |       0 |      45 | 100.0
            +---------+---------+-------+---------+---------+-------
